 Dungeon Crawl Stone Soup version 0.23-a0-837-ga3e6480 (webtiles) character file.

12829 poirepourri the Severer (level 11, -9/116 HPs)
             Began as a Deep Dwarf Fighter on Jan 23, 2019.
             Was an Elder of Makhleb.
             Mangled by a death knight
             ... wielding a +0 broad axe
              (25 damage)
             ... on level 12 of the Dungeon on Jan 24, 2019.
             The game lasted 00:11:57 (7438 turns).

poirepourri the Severer (Deep Dwarf Fighter)        Turns: 7438, Time: 00:11:58

Health: -9/116     AC:  9    Str: 26    XL:     11   Next: 67%
Magic:  4/4        EV:  8    Int:  9    God:    Makhleb [****..]
Gold:   575        SH: 20    Dex: 18    Spells: 10/10 levels left

rFire    . . .     SeeInvis .   a - +4 war axe
rCold    . . .     Gourm    .   c - +2 shield
rNeg     . . .     Faith    .   b - +0 scale mail
rPois    .         Spirit   .   d - +0 helmet
rElec    .         Reflect  +   A - +0 cloak
rCorr    .         Harm     .   (no gloves)
MR       +....                  (no boots)
Stlth    ..........             n - +5 amulet of reflection
HPRegen  0.00/turn              o - +3 ring of dexterity
MPRegen  0.09/turn              w - +4 ring of strength

@: non-regenerating
A: damage resistance, heal wounds, sense surroundings 2, robust 1, screaming 1,
strong 1, subdued magic 1, no regeneration
a: Heal Wounds, Minor Destruction, Lesser Servant of Makhleb, Major Destruction,
Renounce Religion


You were on level 12 of the Dungeon.
You worshipped Makhleb.
Makhleb was greatly pleased with you.
You were not hungry.

You visited 1 branch of the dungeon, and saw 12 of its levels.

You collected 675 gold pieces.
You spent 100 gold pieces at shops.

Inventory:

Hand Weapons
 a - a +4 war axe (weapon)
 t - a +1 flail of protection
Missiles
 i - 3 throwing nets (quivered)
Armour
 b - a +0 scale mail (worn)
 c - a +2 shield (worn)
 d - a +0 helmet (worn)
 j - +0 steam dragon scales
 A - a +0 cloak (worn)
Jewellery
 h - a +3 ring of dexterity
 l - an uncursed amulet of the gourmand
 n - a +5 amulet of reflection (around neck)
 o - a +3 ring of dexterity (left hand)
 p - an uncursed ring of flight
 v - an uncursed ring of ice
 w - a +4 ring of strength (right hand)
Wands
 k - a wand of digging (6)
 m - a wand of paralysis (4)
 r - a wand of disintegration (3)
 z - a wand of enslavement (10)
 B - a wand of scattershot (3)
Scrolls
 e - a scroll of teleportation
 g - 2 scrolls of magic mapping
 s - a scroll of amnesia
 x - 2 scrolls of remove curse
 y - a scroll of identify
Potions
 q - a potion of haste
 u - 2 potions of flight
Comestibles
 f - 11 rations


   Skills:
 - Level 9.1 Fighting
 - Level 15.0 Axes
 - Level 3.2 Armour
 + Level 9.5 Shields


You had 10 spell levels left.
You didn't know any spells.
Your spell library contained the following spells:

 Spells                   Type           Power        Failure   Level  Hunger
 Beastly Appendage        Tmut           #.....       86%         1    ##.....
 Corona                   Hex            #......      86%         1    ##.....
 Magic Dart               Conj           #...         86%         1    ##.....
 Blink                    Tloc           N/A          95%         2    ###....
 Call Imp                 Summ           #.......     95%         2    ###....
 Slow                     Hex            #.......     95%         2    ###....
 Sticks to Snakes         Tmut           #.......     95%         2    ###....
 Conjure Flame            Conj/Fire      #.......     99%         3    ####...
 Inner Flame              Hex/Fire       #.......     99%         3    ####...
 Mephitic Cloud           Conj/Pois/Air  #.......     99%         3    ####...
 Portal Projectile        Hex/Tloc       #.....       99%         3    ####...
 Spider Form              Tmut/Pois      #.........   99%         3    ####...
 Cause Fear               Hex            #.........   100%        4    #####..
 Ice Form                 Ice/Tmut       #.......     100%        4    #####..
 Leda's Liquefaction      Hex/Erth       #.........   100%        4    #####..
 Blade Hands              Tmut           #.........   100%        5    ######.


Dungeon Overview and Level Annotations

Branches:
Dungeon (12/15)            Temple (0/1) D:6            Lair (0/6) D:8
    Orc (0/2) D:10

Altars:
Cheibriados
Dithmenos
Gozag
Hepliaklqana
Makhleb
Nemelex Xobeh
Qazlal
Ru
Sif Muna
Trog
Wu Jian
Xom

Shops:
D:5 =   D:8 %


Innate Abilities, Weirdness & Mutations

You are resistant to damage.
You can heal yourself by infusing magical energy.
You passively map the area around you.
You do not regenerate.
You are robust. (+10% HP)
You occasionally shout uncontrollably at your foes.
Your muscles are strong. (Str +2)
Your spells are a little easier to cast, but a little less powerful.


Message History

You block the death knight's attack.
You barely miss the death knight.
The death knight is lightly wounded.
You hit the death knight but do no damage.
The death knight is lightly wounded.
The death knight hits you with a +0 broad axe.
You slash the death knight!
The death knight is moderately wounded.
The death knight reflects your damage back at you!
You block the death knight's attack.
You slice the death knight!!
The death knight is severely wounded.
The death knight reflects your damage back at you!
* * * LOW HITPOINT WARNING * * *
You slice the death knight!!
The death knight is almost dead.
The death knight reflects your damage back at you!
* * * LOW HITPOINT WARNING * * *
The death knight hits you with a +0 broad axe!!
You die...

## ** * * #######.#.
#######.#.....#.#. ,**
#######............)....
,
.......@p...............
,
*#######.#####.#####.....
, #.# # #...#. * #.#
#.#####...#. ,, #####.#
#........... * ** ,
#.....# *#........... ,
#######.####............
, ,
.....................>##
,
.....##.#####.##..#.....


You could see a death knight.

Vanquished Creatures
  A two-headed ogre (D:10)
  Urug (D:11)
  2 ugly things
  A gargoyle (D:10)
  2 trolls
  A hippogriff (D:9)
  A wyvern (D:9)
  21 yaks
  A hungry ghost (D:7)
  A steam dragon (D:7)
  3 water moccasins
  Edmund (D:5)
  An acid dragon (D:8)
  4 sky beasts
  3 orc warriors
  4 ice beasts
  A hornet zombie (D:9)
  6 centaurs
  A phantom (D:8)
  4 ogres
  5 big kobolds
  10 bullfrogs
  3 scorpions
  Dowan (D:6)
  15 killer bees
  4 howler monkeys
  4 crimson imps
  2 bullfrog zombies
  4 quasits
  11 hounds
  11 orc priests
  A centaur skeleton (D:10)
  A centaur zombie (D:7)
  2 jellies
  An iguana (D:5)
  12 orc wizards
  3 worker ants
  2 hound zombies
  3 hound skeletons
  4 worker ant zombies
  9 adders
  3 shadow imps
  2 oozes
  An adder skeleton (D:6)
  4 worms
  A dart slug (D:2)
  5 leopard geckos
  51 orcs
  5 giant cockroaches
  6 goblins
  8 hobgoblins
  13 jackals
  3 quokkas
  12 bats
  7 frilled lizards
  A giant cockroach zombie (D:5)
  33 kobolds
  A leopard gecko zombie (D:4)
  A quokka zombie (D:6)
  7 rats
332 creatures vanquished.

Vanquished Creatures (others)
  Duvessa (D:6)
1 creature vanquished.

Grand Total: 333 creatures vanquished

Notes
Turn   | Place    | Note
-------+----------+-------------------------------------------
     0 | D:1      | poirepourri the Deep Dwarf Fighter began the quest for the
                  | Orb.
     0 | D:1      | Reached XP level 1. HP: 20/20 MP: 1/1
    75 | D:1      | Reached skill level 3 in Axes
   113 | D:1      | Reached XP level 2. HP: 27/27 MP: 2/2
   635 | D:2      | Found a sparkling altar of Nemelex Xobeh.
   652 | D:2      | Reached skill level 4 in Axes
   652 | D:2      | Reached XP level 3. HP: 29/33 MP: 3/3
   792 | D:2      | Reached XP level 4. HP: 31/40 MP: 4/4
   859 | D:2      | Found a stormy altar of Qazlal.
   881 | D:2      | Reached skill level 5 in Axes
  1168 | D:3      | Found a shimmering altar of Xom.
  1169 | D:3      | Found a hazy altar of Hepliaklqana.
  1178 | D:3      | Noticed a spectral ugly thing
  1704 | D:4      | Reached skill level 6 in Axes
  1704 | D:4      | Reached XP level 5. HP: 27/46 MP: 5/5
  1841 | D:4      | Reached skill level 7 in Axes
  1841 | D:4      | Reached XP level 6. HP: 49/55 MP: 6/6
  1847 | D:4      | Found an ornate altar of the Wu Jian Council.
  2148 | D:4      | Reached skill level 8 in Axes
  2250 | D:4      | Found a deep blue altar of Sif Muna.
  2455 | D:4      | Reached XP level 7. HP: 43/61 MP: 7/7
  2588 | D:5      | Entered Level 5 of the Dungeon
  2729 | D:5      | Reached skill level 9 in Axes
  2785 | D:5      | Noticed Edmund
  2801 | D:5      | Killed Edmund
  2805 | D:5      | Found Qoutaosi's Jewellery Emporium.
  2884 | D:5      | Reached skill level 10 in Axes
  3235 | D:6      | Noticed Duvessa
  3235 | D:6      | Noticed Dowan
  3251 | D:6      | Killed Dowan
  3263 | D:6      | Killed Duvessa
  3263 | D:6      | Reached XP level 8. HP: 46/68 MP: 8/8
  3330 | D:6      | Reached skill level 11 in Axes
  3439 | D:6      | Reached skill level 12 in Axes
  3446 | D:6      | Found a burning altar of Makhleb.
  3462 | D:6      | Became a worshipper of Makhleb the Destroyer
  3584 | D:6      | Found a staircase to the Ecumenical Temple.
  3655 | D:6      | Gained mutation: You passively map the area around you.
                  | [Deep Dwarf growth]
  3655 | D:6      | Reached XP level 9. HP: 38/74 MP: 8/8
  3747 | D:6      | Reached skill level 13 in Axes
  4305 | D:7      | Found an opulent altar of Gozag.
  4361 | D:7      | Reached skill level 14 in Axes
  4658 | D:8      | Reached * piety under Makhleb
  4727 | D:8      | Found a staircase to the Lair.
  4794 | D:8      | Found Odoleph's Food Emporium.
  4806 | D:8      | Bought a ration for 50 gold pieces
  4806 | D:8      | Bought a ration for 50 gold pieces
  5146 | D:8      | Found a bloodstained altar of Trog.
  5146 | D:8      | Found a sacrificial altar of Ru.
  5205 | D:8      | Reached skill level 15 in Axes
  5214 | D:8      | Reached XP level 10. HP: 34/81 MP: 9/9
  5570 | D:9      | Reached skill level 5 in Fighting
  5574 | D:9      | Gained mutation: You occasionally shout uncontrollably at
                  | your foes. [potion of mutation]
  5574 | D:9      | Gained mutation: Your spells are a little easier to cast,
                  | but a little less powerful. [potion of mutation]
  5574 | D:9      | Gained mutation: You are robust. (+10% HP) [potion of
                  | mutation]
  5574 | D:9      | Gained mutation: Your muscles are strong. (Str +2) [potion
                  | of mutation]
  5576 | D:9      | Reached ** piety under Makhleb
  6002 | D:9      | Found a shadowy altar of Dithmenos.
  6091 | D:9      | Found a snail-covered altar of Cheibriados.
  6269 | D:10     | Entered Level 10 of the Dungeon
  6306 | D:10     | Noticed a two-headed ogre
  6330 | D:10     | Killed a two-headed ogre
  6396 | D:10     | Found a staircase to the Orcish Mines.
  6482 | D:10     | Noticed a gargoyle
  6486 | D:10     | Killed a gargoyle
  6486 | D:10     | Reached XP level 11. HP: 51/114 MP: 9/9
  6503 | D:10     | Reached *** piety under Makhleb
  6718 | D:10     | Reached skill level 5 in Shields
  6918 | D:11     | Noticed Urug
  6934 | D:11     | Noticed a red ugly thing
  6946 | D:11     | Reached **** piety under Makhleb
  6970 | D:11     | Killed a red ugly thing
  7052 | D:11     | Killed Urug
  7104 | D:11     | Upgraded the game from 0.23-a0-831-g5da158a to
                  | 0.23-a0-837-ga3e6480
  7308 | D:12     | Noticed a white ugly thing
  7322 | D:12     | Killed a white ugly thing
  7430 | D:12     | Noticed a death knight
  7438 | D:12     | Mangled by a death knight

Vault maps used:
D:1:      dpeg_arrival_more_subterranean_lakeside_camping, minivault_4,
          minmay_ruptured
D:2:      grunt_qazlal_sundering, overflow_temple_1_default, corexii_shack
D:3:      regret_index_temple_of_mockery, first_ration
D:4:      tgw_sif, marbit_many_paths
D:5:      serial_shops, nicolae_shop_statue_plus, uniq_edmund
D:6:      overflow_temple_1_default, minmay_temple_entry_statues_fountains,
          hangedman_minor_gate_pass, uniq_duvessa
D:7:      grunt_gozag_breadcrumbs
D:8:      minmay_goldmine, gammafunk_temple_overflow_wave, dpeg_oklobed_lair,
          serial_shops, shop
D:9:      kennysheep_little_box, cheibrodos_worm_habitat
D:10:     orc_0_dummy
D:11:     uniq_urug
D:12:     uniq_snorg

Skill      XL: |  1  2  3  4  5  6  7  8  9 10 11 |
---------------+----------------------------------+-----
Axes           | 3 4 6 7 8 10 12 15 | 15.0
Fighting       | 8 9 |  9.1
Shields        | 9 |  9.5
Armour         | |  3.2

Action                   |  1- 3 |  4- 6 |  7- 9 | 10-12 || total
-------------------------+-------+-------+-------+-------++-------
Melee: War axe           |   117 |   101 |   420 |   421 ||  1059
       Hand axe          |    13 |    82 |       |       ||    95
Throw: Throwing net      |       |       |       |     1 ||     1
 Abil: Heal Wounds       |       |     3 |    14 |    18 ||    35
Evoke: Wand              |       |       |       |    11 ||    11
  Use: Scroll            |     3 |    13 |    11 |     6 ||    33
       Potion            |       |     5 |    12 |     3 ||    20
 Stab: Invisible         |       |       |    10 |       ||    10
       Paralysed         |       |       |       |     7 ||     7
       Held in net/web   |       |       |       |     3 ||     3
  Eat: Ration            |       |     2 |     5 |     3 ||    10
Armor: Scale mail        |    79 |    69 |    92 |    82 ||   322
       Steam dragon scal |       |       |    12 |    26 ||    38
Dodge: Dodged            |    45 |    41 |   103 |   103 ||   292
Block: Shield            |    84 |   101 |   228 |   307 ||   720

Table legend:
 A = Non-vault XP
 B = Vault XP
 C = Vault XP percentage of total XP
 D = Non-vault monster count
 E = Vault monster count
 F = Vault count percentage of total count
                 A         B        C        D         E       F
            +---------+---------+-------+---------+---------+-------
      Total |   16541 |    1787 |   9.8 |     311 |      22 |   6.6
            +---------+---------+-------+---------+---------+-------
        D:1 |      34 |       3 |   8.1 |      22 |       2 |   8.3
        D:2 |      83 |       2 |   2.4 |      23 |       1 |   4.2
        D:3 |      59 |       0 |   0.0 |      18 |       0 |   0.0
        D:4 |     519 |      33 |   6.0 |      35 |       1 |   2.8
        D:5 |     416 |     158 |  27.5 |      16 |       1 |   5.9
        D:6 |    1578 |     463 |  22.7 |      24 |       6 |  20.0
        D:7 |    1143 |       0 |   0.0 |      21 |       0 |   0.0
        D:8 |    1100 |     299 |  21.4 |      19 |       9 |  32.1
        D:9 |    2897 |       5 |   0.2 |      34 |       1 |   2.9
       D:10 |    4632 |       0 |   0.0 |      44 |       0 |   0.0
       D:11 |    3327 |     824 |  19.9 |      50 |       1 |   2.0
       D:12 |     753 |       0 |   0.0 |       5 |       0 |   0.0
            +---------+---------+-------+---------+---------+-------
